 Dungeon Crawl Stone Soup version 0.28-a0-1520-gc3277d3759 (webtiles) character file.

Game seed: 4969534668437587130

95914 sanka the Destroyer (level 16, 0/125 HPs)
             Began as a Gnoll Wanderer on Jan 17, 2022.
             Was the Champion of Cheibriados.
             Slain by a minotaur simulacrum (18 damage)
             ... in an ice cave.
             The game lasted 01:10:14 (33201 turns).

sanka the Destroyer (Gnoll Wanderer)               Turns: 33201, Time: 01:10:15

Health: 0/125      AC: 33    Str: 36    XL:     16   Next: 15%
Magic:  17/22      EV: 15    Int: 38    God:    Cheibriados [******]
Gold:   2034       SH:  9    Dex: 27    Spells: 23/37 levels left

rFire   + . .      SeeInvis .   a - +2 broad axe (vorpal)
rCold   + . .      Faith    .   p - +1 buckler of Bann {Str+4}
rNeg    . . .      Spirit   .   Q - +8 orange crystal plate armour {Archmagi, Int+3 Clar}
rPois   +          Reflect  .   h - +0 helmet
rElec   .          Harm     .   N - scarf {rC+ rF+}
rCorr   +          Rampage  .   K - +0 pair of gloves
Will    +....      Archmagi +   X - +0 pair of boots "Bameg" {rPois rCorr MP-9 Slay+6}
Stlth   .......... Clarity  +   V - amulet of regeneration
HPRegen 1.10/turn               o - ring of wizardry
MPRegen 0.18/turn               D - +6 ring of strength

@: very slow
A: fangs 1, strong nose, distributed training
a: Renounce Religion, Bend Time, Temporal Distortion, Slouch, Step From Time


You were in an ice cave.
You worshipped Cheibriados.
Cheibriados was exalted by your worship.
You visited 4 branches of the dungeon, and saw 24 of its levels.
You also visited: Ice Cave.

You collected 2034 gold pieces.


Innate Abilities, Weirdness & Mutations

You have very sharp teeth.
Your uncanny sense of smell can sniff out nearby items.
Your experience applies equally to all skills.


   Skills:
 + Level 11.0 Fighting
 + Level 10.7 Short Blades
 + Level 10.7 Long Blades
 + Level 10.7 Axes
 + Level 10.7 Maces & Flails
 + Level 10.7 Polearms
 + Level 10.7 Staves
 + Level 10.7 Slings
 + Level 10.7 Bows
 + Level 10.7 Crossbows
 + Level 11.0 Throwing
 + Level 10.7 Armour
 + Level 10.7 Dodging
 + Level 10.7 Stealth
 + Level 10.7 Shields
 + Level 10.7 Unarmed Combat
 + Level 11.0 Spellcasting
 + Level 12.4 Conjurations
 + Level 9.0 Hexes
 + Level 9.0 Summonings
 + Level 9.8 Necromancy
 + Level 9.0 Translocations
 + Level 9.0 Transmutations
 + Level 9.0 Fire Magic
 + Level 9.0 Ice Magic
 + Level 9.0 Air Magic
 + Level 9.0 Earth Magic
 + Level 9.0 Poison Magic
 + Level 11.6 Invocations
 + Level 10.7 Evocations


You had 23 spell levels left.
You knew the following spells:

 Your Spells              Type           Power      Damage    Failure   Level
c - Stone Arrow           Conj/Erth      100%       3d13      1%          3
e - Apportation           Tloc           100%       N/A       1%          1
x - Searing Ray           Conj           100%       2d8       1%          2
z - Shock                 Conj/Air       100%       1d9       1%          1
N - Passwall              Tmut/Erth      78%        N/A       1%          2
X - Freezing Cloud        Conj/Ice/Air   49%        6-21      6%          5

Your spell library contained the following spells:

 Spells                   Type           Power      Damage    Failure   Level
 Animate Skeleton         Necr           100%       N/A       1%          1
 Freeze                   Ice            100%       1d11      1%          1
 Sandblast                Erth           100%       2d20      1%          1
 Summon Small Mammal      Summ           100%       N/A       1%          1
 Static Discharge         Conj/Air       100%       N/A       1%          2
 Sublimation of Blood     Necr           97%        N/A       1%          2
 Wereblood                Tmut           94%        N/A       1%          2
 Confusing Touch          Hex            94%        N/A       1%          3
 Conjure Flame            Conj/Fire      100%       6-21      1%          3
 Dazzling Flash           Conj/Hex       100%       N/A       1%          3
 Frozen Ramparts          Ice            100%       1d12      1%          3
 Gell's Gravitas          Tloc           94%        N/A       1%          3
 Ignite Poison            Fire/Tmut/Pois 94%        N/A       1%          3
 Lesser Beckoning         Tloc           94%        N/A       1%          3
 Ozocubu's Armour         Ice            94%        N/A       1%          3
 Teleport Other           Tloc           94%        N/A       1%          3
 Tukima's Dance           Hex            94%        N/A       1%          3
 Vampiric Draining        Necr           97%        2d12      1%          3
 Fulminant Prism          Conj/Hex       50%        3d23      1%          4
 Hailstorm                Conj/Ice       100%       3d20      1%          4
 Iskenderun's Mystic Bla  Conj/Tloc      100%       2d19      1%          4
 Sticky Flame             Conj/Fire      100%       2d11      1%          4
 Anguish                  Hex/Necr       47%        N/A       2%          4
 Animate Dead             Necr           48%        N/A       2%          4
 Airstrike                Air            47%        N/A       3%          4
 Animate Armour           Summ/Erth      100%       N/A       3%          4
 Ice Form                 Ice/Tmut       94%        N/A       3%          4
 Summon Ice Beast         Ice/Summ       94%        N/A       3%          4
 Summon Lightning Spire   Summ/Air       94%        N/A       3%          4
 Lightning Bolt           Conj/Air       50%        1d71      4%          5
 Agony                    Necr           97%        N/A       6%          5
 Borgnjor's Vile Clutch   Necr/Erth      47%        N/A       8%          5
 Metabolic Englaciation   Hex/Ice        47%        N/A       9%          5
 Silence                  Hex/Air        47%        N/A       9%          5
 Yara's Violent Unravell  Hex/Tmut       47%        3d18      9%          5
 Death Channel            Necr           48%        N/A       32%         6
 Simulacrum               Ice/Necr       47%        N/A       38%         6
 Enfeeble                 Hex            47%        N/A       92%         7
 Summon Hydra             Summ           47%        N/A       92%         7
 Lehudib's Crystal Spear  Conj/Erth      50%        10d12     100%        8
 Maxwell's Capacitive Co  Air            47%        ∞         100%        8
 Summon Horrible Things   Summ           47%        N/A       100%        8

Inventory:

Hand Weapons
 a - a +2 vorpal broad axe (weapon)
 b - the +6 long sword "Ydicis" {vamp, rElec rPois MP+9 Int-2}

   It occasionally heals its wielder for a portion of the damage dealt when it
   wounds a living foe.
   Int:       It affects your intelligence (-2).
   rElec:     It insulates you from electricity.
   rPois:     It protects you from poison.
   MP:        It affects your magic capacity (+9).
 l - a +0 dagger
Missiles
 B - a throwing net {=f}
 E - 2 curare-tipped darts {=f}
 M - 4 javelins
Armour
 h - a +0 helmet (worn)
 p - the +1 buckler of Bann (worn) {Str+4}

   Str:       It affects your strength (+4).
 K - a +0 pair of gloves (worn)
 N - a scarf of resistance (worn)
 Q - the +8 orange crystal plate armour (worn) {Archmagi, Int+3 Clar}

   Int:       It affects your intelligence (+3).
   Clar:      It protects you against confusion.
 X - the +0 pair of boots "Bameg" (worn) {rPois rCorr MP-9 Slay+6}

   Slay:      It affects your accuracy & damage with ranged weapons and melee
   (+6).
   rPois:     It protects you from poison.
   MP:        It affects your magic capacity (-9).
   rCorr:     It protects you from acid and corrosion.
Magical Staves
 T - a staff of conjuration {!a}
Jewellery
 o - a ring of wizardry (left hand)
 s - a ring of see invisible
 u - a ring of protection from fire
 D - a +6 ring of strength (right hand)
 P - a ring of willpower
 R - a +4 ring of protection
 V - an amulet of regeneration (around neck)
Wands
 A - a wand of iceblast (21)
 C - a wand of polymorph (3)
 G - a wand of flame (15)
 I - a wand of mindburst (2)
Scrolls
 d - a scroll of holy word
 e - a scroll of summoning
 i - 3 scrolls of amnesia
 k - 2 scrolls of enchant armour
 m - 2 scrolls of magic mapping
 n - 2 scrolls of torment {!r}
 q - 4 scrolls of teleportation {@r4}
 r - a scroll of vulnerability {!r}
 v - 8 scrolls of blinking
 y - 4 scrolls of immolation {!r}
 F - a scroll of brand weapon
 L - 6 scrolls of fear
 U - a scroll of enchant weapon
 W - 3 scrolls of fog
 Y - a scroll of identify {@r1}
Potions
 f - 3 potions of heal wounds {@q2}

Dungeon Overview and Level Annotations

Branches:
Dungeon (15/15)            Temple (1/1) D:4            Lair (6/6) D:10
 Shoals (0/4) Lair:4       Spider (0/4) Lair:2        Slime (0/5) Lair:5
    Orc (2/2) D:12            Elf (0/3) Orc:2        Vaults (0/5) D:14
  IceCv (1/1)
 Depths: D:15

Altars:
Ashenzari
Cheibriados
Dithmenos
Elyvilon
Fedhas
Gozag
Hepliaklqana
Kikubaaqudgha
Makhleb
Nemelex Xobeh
Okawaru
Qazlal
Ru
Sif Muna
Trog
Uskayaw
Vehumet
Wu Jian
Xom
Yredelemnul
Zin
The Shining One
Beogh
Jiyva

Shops:
D:1 *   D:8 *   Orc:1 =   Orc:2 [(:*

Annotations:
Lair:6 3 runed translucent doors, ThereIsNoGod's ghost, journeyman DsAK
Orc:2 2 transporters, wazuzu's ghost, journeyman GnCA

▒▒ ▒▒.. ▒▒... ▒.....
▒▒▒▒ ▒.....▒ ▒▒▒▒▒▒..▒▒
▒....Z☼▒▒▒ ▒▒..▒▒....▒▒
......Zg.▒▒▒..........▒
......Z...▒.......∩.∩.▒
.......▒▒....▒▒.......▒
▒.....▒ ▒▒°.▒▒▒▒▒....▒▒
▒..... ▒▒#☼▒ ▒▒..▒▒
▒▒.... ▒.#§..▒▒▒▒▒ ▒...
▒#§#.☼#.▒ ▒..▒
▒▒▒☼##☼.▒ ▒▒▒.▒.▒


You could see 2 dire elephant simulacra and a minotaur simulacrum.


Message History

You resist.
* * * LOW HITPOINT WARNING * * *
The freezing wraith misses you.
The dire elephant simulacrum barely misses you.
The dire elephant simulacrum trunk-slaps you but does no damage.
Unknown command.
Unknown command.
You slice the freezing wraith!!
You destroy the freezing wraith!
Cheibriados thoroughly appreciates the change of pace.
You hit the entropy weaver simulacrum but do no damage.
You slash the dire elephant simulacrum!
The entropy weaver simulacrum hits you but does no damage.
The entropy weaver simulacrum barely misses you.
The entropy weaver simulacrum barely misses you.
The entropy weaver simulacrum hits you but does no damage.
You block the dire elephant simulacrum's attack.
The dire elephant simulacrum barely misses you.
You slash the dire elephant simulacrum!
The dire elephant simulacrum vaporises!
Cheibriados appreciates the change of pace.
You hit the minotaur simulacrum but do no damage.
You slice the entropy weaver simulacrum!!
The entropy weaver simulacrum vaporises!
Cheibriados thoroughly appreciates the change of pace.
The minotaur simulacrum hits you!
* * * LOW HITPOINT WARNING * * *
The minotaur simulacrum freezes you!! You resist.
You die...

Action                   |  1- 3 |  4- 6 |  7- 9 | 10-12 | 13-15 | 16-18 || total
-------------------------+-------+-------+-------+-------+-------+-------++-------
Melee: Dagger            |     8 |    27 |       |       |       |       ||    35
       Bite              |       |    10 |    17 |    34 |   115 |     8 ||   184
       Flail             |       |    54 |    65 |       |       |       ||   119
       Punch             |       |     1 |     3 |     1 |       |       ||     5
       Mace              |       |       |    38 |   130 |       |       ||   168
       Long sword        |       |       |       |    83 |   707 |       ||   790
       Broad axe         |       |       |       |       |    79 |    80 ||   159
Throw: Dart              |     3 |       |       |     6 |       |       ||     9
 Cast: Shock             |    57 |     7 |    11 |       |       |       ||    75
       Stone Arrow       |       |    13 |    91 |   242 |   428 |     9 ||   783
       Searing Ray       |       |    14 |     2 |     1 |       |       ||    17
       Freezing Cloud    |       |       |       |       |     4 |       ||     4
       Passwall          |       |       |       |       |     1 |       ||     1
Invok: Slouch            |       |       |       |     2 |     3 |     1 ||     6
       Temporal Distorti |       |       |       |       |     1 |     2 ||     3
Evoke: Wand              |       |       |       |       |    16 |       ||    16
  Use: Scroll            |       |       |       |     9 |    14 |       ||    23
       Potion            |       |       |       |       |     2 |     1 ||     3
 Stab: Sleeping          |       |     3 |       |     2 |       |       ||     5
Armor: Robe              |       |    16 |    25 |    40 |       |       ||    81
       Crystal plate arm |       |       |       |   153 |   636 |    90 ||   879
Dodge: Dodged            |     5 |    69 |    96 |   248 |   575 |    96 ||  1089
Block: Buckler           |       |       |       |   137 |   582 |    76 ||   795

Levels and vault maps discovered:
D:1:      tarquinn_simple_flora_water_a, layout_basic,
          shapermc_ecumenical_altar_mp_urbaneastern, serial_shops,
          nicolae_square_shop
D:2:      layout_basic, st_stairs_12
D:3:      layout_rooms, lemuel_round_altar, nemelex_xobeh_ov_fountains_minmay
D:4:      layout_cave_pools, mainiacjoe_overflow_cross_hatched,
          minmay_temple_entry_glass, minmay_goblin_kobold_house, uniq_eustachio
D:5:      layout_loops_ring
D:6:      layout_loops_cross, elyvilon_altar_3, uniq_duvessa, uniq_pikel
D:7:      layout_layer_cave, led_sif_pool, gammafunk_temple_overflow_statue
D:8:      layout_rooms, mainiacjoe_overflow_paths, serial_shops,
          kennysheep_mini_moat
D:9:      layout_irregular_city, mainiacjoe_overflow_24_doors,
          mainiacjoe_overflow_tiny_flanked
D:10:     layout_loops_ring, david_lair_shrubbed
D:11:     layout_cave_pods, serial_shops, bzr_entry_water
D:12:     layout_irregular_city, zombieorc2_lemuel, gauntlet_entry_generic,
          nicolae_dithmenos_the_darkroom
D:13:     layout_grid_maze, minmay_fractal_squares_5
D:14:     layout_loops_cross, ximxim_vaults_locker_room
D:15:     gammafunk_enter_depths_forms, layout_stronghold,
          portal_ice_cave_entry_ice_statue_two, roderic_serpentine_path,
          serial_ice, serial_ice_g, serial_ice_c, serial_ice_b, serial_ice_k,
          uniq_josephine, uniq_kirke
Temple:   nicolae_temple_hex_pool
Lair:1:   layout_roguey, lemuel_fruit_tree, grunt_megastairs_3,
          infiniplex_staircase_pool, serial_bayou_shore_b, uniq_maggie
Lair:2:   layout_chaotic_city, nicolae_spider_entry_orb_guardian
Lair:3:   layout_gridlike, ebering_ghost_inner_flame, uniq_prince_ribbit2
Lair:4:   layout_hall_layers, minmay_shoals_entry_hut,
          grunt_forest_stairs_clearing, lemuel_fruit_fields, grunt_megastairs_4,
          uniq_snorg
Lair:5:   lemuel_slime, layout_big_grid, dpeg_slime_entry_corner,
          bobbens_ice_dragon_lair, serial_bayou_shore_b
Lair:6:   cheibrodos_lair_end_hotspot, layout_long_grid, gammafunk_ghost_ooze,
          infiniplex_staircase_pool_2
Orc:1:    layout_caves, gammafunk_ghost_smash, serial_shops,
          nicolae_lakefront_shop, nicolae_orc_lava_room, uniq_fannar, uniq_urug
Orc:2:    st_orc_town, layout_caves, gammafunk_ghost_wrathful_warriors,
          library_closet, rock_pile, uniq_rupert, uniq_nessos
IceCv:    ice_cave_small_necro

Notes
Turn   | Place    | Note
-------+----------+-------------------------------------------
     0 | D:1      | sanka the Gnoll Wanderer began the quest for the Orb.
     0 | D:1      | sanka set off with the following items: a +0 dagger, 9
                  | poisoned darts, a +0 robe; and the following spells
                  | available to memorise: Searing Ray, Shock, Animate
                  | Skeleton, Vampiric Draining, Iskenderun's Mystic Blast
     0 | D:1      | Reached XP level 1. HP: 17/17 MP: 4/4
     2 | D:1      | Learned a level 1 spell: Shock
   120 | D:1      | Found Huwaonke's Assorted Antiques.
   157 | D:1      | Reached XP level 2. HP: 23/23 MP: 3/5
   237 | D:1      | Learned a level 2 spell: Searing Ray
   555 | D:1      | Reached XP level 3. HP: 28/28 MP: 5/7
  1272 | D:1      | Found a faded altar of an unknown god.
  1353 | D:2      | Reached skill level 1 in Invocations
  1489 | D:2      | Reached skill level 1 in Short Blades
  1489 | D:2      | Reached skill level 1 in Long Blades
  1489 | D:2      | Reached skill level 1 in Axes
  1489 | D:2      | Reached skill level 1 in Maces & Flails
  1489 | D:2      | Reached skill level 1 in Polearms
  1489 | D:2      | Reached skill level 1 in Staves
  1489 | D:2      | Reached skill level 1 in Slings
  1489 | D:2      | Reached skill level 1 in Bows
  1489 | D:2      | Reached skill level 1 in Crossbows
  1489 | D:2      | Reached skill level 1 in Armour
  1489 | D:2      | Reached skill level 1 in Dodging
  1489 | D:2      | Reached skill level 1 in Stealth
  1489 | D:2      | Reached skill level 1 in Shields
  1489 | D:2      | Reached skill level 1 in Unarmed Combat
  1489 | D:2      | Reached skill level 1 in Evocations
  1603 | D:2      | Reached XP level 4. HP: 34/34 MP: 6/8
  1723 | D:2      | Learned a level 3 spell: Stone Arrow
  1726 | D:2      | Learned a level 2 spell: Passwall
  1874 | D:2      | Reached skill level 3 in Spellcasting
  2564 | D:3      | Reached skill level 1 in Hexes
  2564 | D:3      | Reached skill level 1 in Summonings
  2564 | D:3      | Reached skill level 1 in Translocations
  2564 | D:3      | Reached skill level 1 in Transmutations
  2564 | D:3      | Reached skill level 1 in Fire Magic
  2564 | D:3      | Reached skill level 1 in Ice Magic
  2564 | D:3      | Reached skill level 1 in Air Magic
  2564 | D:3      | Reached skill level 1 in Earth Magic
  2564 | D:3      | Reached skill level 1 in Poison Magic
  2626 | D:3      | Found a sparkling altar of Nemelex Xobeh.
  2992 | D:3      | Found a shimmering altar of Xom.
  3181 | D:3      | Reached XP level 5. HP: 32/40 MP: 0/9
  3192 | D:3      | Reached skill level 3 in Fighting
  3192 | D:3      | Reached skill level 3 in Throwing
  3192 | D:3      | Reached skill level 4 in Necromancy
  3208 | D:3      | HP: 4/41 [orc (5)]
  3699 | D:3      | Reached skill level 2 in Invocations
  3699 | D:3      | Reached XP level 6. HP: 43/47 MP: 0/11
  4340 | D:4      | Reached skill level 2 in Short Blades
  4340 | D:4      | Reached skill level 2 in Long Blades
  4340 | D:4      | Reached skill level 2 in Axes
  4340 | D:4      | Reached skill level 2 in Maces & Flails
  4340 | D:4      | Reached skill level 2 in Polearms
  4340 | D:4      | Reached skill level 2 in Staves
  4340 | D:4      | Reached skill level 2 in Slings
  4340 | D:4      | Reached skill level 2 in Bows
  4340 | D:4      | Reached skill level 2 in Crossbows
  4340 | D:4      | Reached skill level 2 in Armour
  4340 | D:4      | Reached skill level 2 in Dodging
  4340 | D:4      | Reached skill level 2 in Stealth
  4340 | D:4      | Reached skill level 2 in Shields
  4340 | D:4      | Reached skill level 2 in Unarmed Combat
  4340 | D:4      | Reached skill level 2 in Evocations
  4409 | D:4      | Found a stormy altar of Qazlal.
  4446 | D:4      | Reached skill level 9 in Conjurations
  4446 | D:4      | Reached XP level 7. HP: 47/52 MP: 4/12
  4920 | D:4      | Reached skill level 2 in Hexes
  4920 | D:4      | Reached skill level 2 in Summonings
  4920 | D:4      | Reached skill level 2 in Translocations
  4920 | D:4      | Reached skill level 2 in Transmutations
  4920 | D:4      | Reached skill level 2 in Fire Magic
  4920 | D:4      | Reached skill level 2 in Ice Magic
  4920 | D:4      | Reached skill level 2 in Air Magic
  4920 | D:4      | Reached skill level 2 in Earth Magic
  4920 | D:4      | Reached skill level 2 in Poison Magic
  4946 | D:4      | Noticed Eustachio
  5061 | D:4      | Killed Eustachio
  5265 | D:4      | Reached skill level 4 in Spellcasting
  5265 | D:4      | Reached skill level 3 in Invocations
  5412 | D:4      | Found a staircase to the Ecumenical Temple.
  5444 | Temple   | Entered the Ecumenical Temple
  5537 | Temple   | Became a worshipper of Cheibriados the Contemplative
  5727 | D:5      | Entered Level 5 of the Dungeon
  5946 | D:5      | Reached skill level 4 in Fighting
  5946 | D:5      | Reached skill level 3 in Short Blades
  5946 | D:5      | Reached skill level 3 in Long Blades
  5946 | D:5      | Reached skill level 3 in Axes
  5946 | D:5      | Reached skill level 3 in Maces & Flails
  5946 | D:5      | Reached skill level 3 in Polearms
  5946 | D:5      | Reached skill level 3 in Staves
  5946 | D:5      | Reached skill level 3 in Slings
  5946 | D:5      | Reached skill level 3 in Bows
  5946 | D:5      | Reached skill level 3 in Crossbows
  5946 | D:5      | Reached skill level 4 in Throwing
  5946 | D:5      | Reached skill level 3 in Armour
  5946 | D:5      | Reached skill level 3 in Dodging
  5946 | D:5      | Reached skill level 3 in Stealth
  5946 | D:5      | Reached skill level 3 in Shields
  5946 | D:5      | Reached skill level 3 in Unarmed Combat
  5946 | D:5      | Reached skill level 3 in Evocations
  5946 | D:5      | Reached XP level 8. HP: 60/60 MP: 7/14
  6755 | D:5      | Reached * piety under Cheibriados
  6756 | D:5      | Reached skill level 4 in Invocations
  6854 | D:5      | Learned a level 1 spell: Apportation
  6855 | D:5      | Identified the +2 dagger of the Gloaming {flame, rN++ Str+4
                  | Stlth-}
  6953 | D:5      | Reached skill level 3 in Hexes
  6953 | D:5      | Reached skill level 3 in Summonings
  6953 | D:5      | Reached skill level 3 in Translocations
  6953 | D:5      | Reached skill level 3 in Transmutations
  6953 | D:5      | Reached skill level 3 in Fire Magic
  6953 | D:5      | Reached skill level 3 in Ice Magic
  6953 | D:5      | Reached skill level 3 in Air Magic
  6953 | D:5      | Reached skill level 3 in Earth Magic
  6953 | D:5      | Reached skill level 3 in Poison Magic
  6959 | D:5      | Reached skill level 5 in Necromancy
  6959 | D:5      | Reached XP level 9. HP: 59/66 MP: 3/16
  7263 | D:6      | Reached skill level 4 in Short Blades
  7263 | D:6      | Reached skill level 4 in Long Blades
  7263 | D:6      | Reached skill level 4 in Axes
  7263 | D:6      | Reached skill level 4 in Maces & Flails
  7263 | D:6      | Reached skill level 4 in Polearms
  7263 | D:6      | Reached skill level 4 in Staves
  7263 | D:6      | Reached skill level 4 in Slings
  7263 | D:6      | Reached skill level 4 in Bows
  7263 | D:6      | Reached skill level 4 in Crossbows
  7263 | D:6      | Reached skill level 4 in Armour
  7263 | D:6      | Reached skill level 4 in Dodging
  7263 | D:6      | Reached skill level 4 in Stealth
  7263 | D:6      | Reached skill level 4 in Shields
  7263 | D:6      | Reached skill level 4 in Unarmed Combat
  7263 | D:6      | Reached skill level 4 in Evocations
  7308 | D:6      | Reached skill level 5 in Spellcasting
  7481 | D:6      | Identified the +12 mace of Tussuib {vamp, rPois rC+ Int-5}
  7622 | D:6      | Noticed Duvessa
  7699 | D:6      | Noticed Dowan
  7707 | D:6      | Killed Duvessa
  7708 | D:6      | Reached skill level 5 in Fighting
  7708 | D:6      | Reached skill level 5 in Throwing
  7710 | D:6      | Killed Dowan
  8017 | D:6      | Reached ** piety under Cheibriados
  8150 | D:6      | Noticed Pikel
  8168 | D:6      | Killed Pikel
  8169 | D:6      | Reached skill level 5 in Invocations
  8291 | D:6      | Found a white marble altar of Elyvilon.
  8594 | D:6      | Reached XP level 10. HP: 63/74 MP: 2/18
  8833 | D:6      | Reached skill level 4 in Hexes
  8833 | D:6      | Reached skill level 4 in Summonings
  8833 | D:6      | Reached skill level 4 in Translocations
  8833 | D:6      | Reached skill level 4 in Transmutations
  8833 | D:6      | Reached skill level 4 in Fire Magic
  8833 | D:6      | Reached skill level 4 in Ice Magic
  8833 | D:6      | Reached skill level 4 in Air Magic
  8833 | D:6      | Reached skill level 4 in Earth Magic
  8833 | D:6      | Reached skill level 4 in Poison Magic
  9399 | D:7      | Found a shimmering blue altar of Sif Muna.
  9495 | D:7      | Reached skill level 5 in Short Blades
  9495 | D:7      | Reached skill level 5 in Long Blades
  9495 | D:7      | Reached skill level 5 in Axes
  9495 | D:7      | Reached skill level 5 in Maces & Flails
  9495 | D:7      | Reached skill level 5 in Polearms
  9495 | D:7      | Reached skill level 5 in Staves
  9495 | D:7      | Reached skill level 5 in Slings
  9495 | D:7      | Reached skill level 5 in Bows
  9495 | D:7      | Reached skill level 5 in Crossbows
  9495 | D:7      | Reached skill level 5 in Armour
  9495 | D:7      | Reached skill level 5 in Dodging
  9495 | D:7      | Reached skill level 5 in Stealth
  9495 | D:7      | Reached skill level 5 in Shields
  9495 | D:7      | Reached skill level 5 in Unarmed Combat
  9495 | D:7      | Reached skill level 5 in Evocations
 10275 | D:7      | Found a burning altar of Makhleb.
 10275 | D:7      | Found an opulent altar of Gozag.
 10362 | D:8      | Found a broken altar of Ashenzari.
 10406 | D:8      | Identified a scarf of resistance
 10536 | D:8      | Reached *** piety under Cheibriados
 10611 | D:8      | Found the +8 orange crystal plate armour {Archmagi, Int+3
                  | Clar}
 10616 | D:8      | Noticed a two-headed ogre
 10619 | D:8      | Killed a two-headed ogre
 10620 | D:8      | Reached skill level 6 in Spellcasting
 10720 | D:8      | Reached skill level 6 in Fighting
 10720 | D:8      | Reached skill level 6 in Throwing
 11191 | D:8      | Reached skill level 6 in Necromancy
 11191 | D:8      | Reached skill level 6 in Invocations
 11476 | D:8      | Reached skill level 10 in Conjurations
 11672 | D:8      | Found Puopro Fouk's Assorted Antiques.
 11869 | D:9      | Found a bloodstained altar of Trog.
 12077 | D:9      | Reached **** piety under Cheibriados
 12382 | D:9      | Identified +0 acid dragon scales
 12582 | D:9      | Found a hazy altar of Hepliaklqana.
 12887 | D:9      | Noticed a kobold demonologist
 12890 | D:9      | Killed a kobold demonologist
 12891 | D:9      | Reached XP level 11. HP: 83/83 MP: 10/20
 13110 | D:10     | Entered Level 10 of the Dungeon
 13232 | D:10     | Identified the +6 long sword "Ydicis" {vamp, rElec rPois
                  | MP+9 Int-2}
 13394 | D:10     | Reached skill level 6 in Short Blades
 13394 | D:10     | Reached skill level 6 in Long Blades
 13394 | D:10     | Reached skill level 6 in Axes
 13394 | D:10     | Reached skill level 6 in Maces & Flails
 13394 | D:10     | Reached skill level 6 in Polearms
 13394 | D:10     | Reached skill level 6 in Staves
 13394 | D:10     | Reached skill level 6 in Slings
 13394 | D:10     | Reached skill level 6 in Bows
 13394 | D:10     | Reached skill level 6 in Crossbows
 13394 | D:10     | Reached skill level 6 in Armour
 13394 | D:10     | Reached skill level 6 in Dodging
 13394 | D:10     | Reached skill level 6 in Stealth
 13394 | D:10     | Reached skill level 6 in Shields
 13394 | D:10     | Reached skill level 6 in Unarmed Combat
 13394 | D:10     | Reached skill level 5 in Hexes
 13394 | D:10     | Reached skill level 5 in Summonings
 13394 | D:10     | Reached skill level 5 in Translocations
 13394 | D:10     | Reached skill level 5 in Transmutations
 13394 | D:10     | Reached skill level 5 in Fire Magic
 13394 | D:10     | Reached skill level 5 in Ice Magic
 13394 | D:10     | Reached skill level 5 in Air Magic
 13394 | D:10     | Reached skill level 5 in Earth Magic
 13394 | D:10     | Reached skill level 5 in Poison Magic
 13394 | D:10     | Reached skill level 6 in Evocations
 14121 | D:10     | Found a staircase to the Lair.
 14461 | D:11     | Reached ***** piety under Cheibriados
 14547 | D:13     | Noticed a centaur warrior
 14553 | D:13     | Killed a centaur warrior
 14555 | D:13     | Reached skill level 7 in Spellcasting
 14582 | D:13     | Noticed a boulder beetle
 14603 | D:13     | Noticed a skeletal warrior
 14653 | D:13     | Noticed a red ugly thing
 14906 | D:13     | Killed a boulder beetle
 14907 | D:13     | Reached skill level 7 in Fighting
 14907 | D:13     | Reached skill level 7 in Throwing
 14907 | D:13     | Reached skill level 7 in Invocations
 15096 | D:13     | Noticed a centaur warrior
 15108 | D:13     | Killed a centaur warrior
 15219 | D:12     | Noticed a cyclops
 15219 | D:12     | Noticed a salamander
 15221 | D:12     | Noticed a moth of wrath
 15221 | D:12     | a salamander changed into a moth of wrath
 15225 | D:12     | Killed a moth of wrath
 15229 | D:12     | Killed a cyclops
 15383 | D:12     | Noticed a cyclops
 15394 | D:12     | Killed a cyclops
 15395 | D:12     | Reached XP level 12. HP: 91/91 MP: 13/23
 15454 | D:12     | Found a shadowy altar of Dithmenos.
 15515 | D:12     | Found a staircase to the Orcish Mines.
 15539 | D:12     | Reached skill level 7 in Necromancy
 15790 | D:11     | Got Keineurgh's Tome of Lightness
 16143 | D:11     | Reached skill level 7 in Short Blades
 16143 | D:11     | Reached skill level 7 in Long Blades
 16143 | D:11     | Reached skill level 7 in Axes
 16143 | D:11     | Reached skill level 7 in Maces & Flails
 16143 | D:11     | Reached skill level 7 in Polearms
 16143 | D:11     | Reached skill level 7 in Staves
 16143 | D:11     | Reached skill level 7 in Slings
 16143 | D:11     | Reached skill level 7 in Bows
 16143 | D:11     | Reached skill level 7 in Crossbows
 16143 | D:11     | Reached skill level 7 in Armour
 16143 | D:11     | Reached skill level 7 in Dodging
 16143 | D:11     | Reached skill level 7 in Stealth
 16143 | D:11     | Reached skill level 7 in Shields
 16143 | D:11     | Reached skill level 7 in Unarmed Combat
 16143 | D:11     | Reached skill level 7 in Evocations
 16359 | D:11     | Got the Guide on Creation and Conjuration
 16562 | D:12     | Noticed a boulder beetle
 16576 | D:12     | Killed a boulder beetle
 17328 | D:13     | Reached skill level 6 in Hexes
 17328 | D:13     | Reached skill level 6 in Summonings
 17328 | D:13     | Reached skill level 6 in Translocations
 17328 | D:13     | Reached skill level 6 in Transmutations
 17328 | D:13     | Reached skill level 6 in Fire Magic
 17328 | D:13     | Reached skill level 6 in Ice Magic
 17328 | D:13     | Reached skill level 6 in Air Magic
 17328 | D:13     | Reached skill level 6 in Earth Magic
 17328 | D:13     | Reached skill level 6 in Poison Magic
 17486 | D:13     | Noticed a five-headed hydra
 17492 | D:13     | Killed a five-headed hydra
 17493 | D:13     | Reached skill level 8 in Invocations
 17726 | D:13     | Noticed a two-headed ogre
 17731 | D:13     | Killed a two-headed ogre
 17732 | D:13     | Reached skill level 8 in Spellcasting
 17971 | D:13     | Noticed a centaur warrior
 17971 | D:13     | Noticed a boulder beetle
 17979 | D:13     | Killed a centaur warrior
 17980 | D:13     | Reached skill level 8 in Fighting
 17980 | D:13     | Reached skill level 8 in Throwing
 18500 | D:13     | Noticed a centaur warrior
 18506 | D:13     | Killed a centaur warrior
 18632 | D:13     | Killed a boulder beetle
 18802 | Lair:1   | Entered Level 1 of the Lair of Beasts
 18973 | Lair:1   | Identified +0 acid dragon scales
 18973 | Lair:1   | Noticed Maggie
 18984 | Lair:1   | Killed Maggie
 18985 | Lair:1   | Reached XP level 13. HP: 98/98 MP: 10/25
 19199 | Lair:1   | Reached skill level 11 in Conjurations
 19504 | Lair:1   | Reached skill level 8 in Short Blades
 19504 | Lair:1   | Reached skill level 8 in Long Blades
 19504 | Lair:1   | Reached skill level 8 in Axes
 19504 | Lair:1   | Reached skill level 8 in Maces & Flails
 19504 | Lair:1   | Reached skill level 8 in Polearms
 19504 | Lair:1   | Reached skill level 8 in Staves
 19504 | Lair:1   | Reached skill level 8 in Slings
 19504 | Lair:1   | Reached skill level 8 in Bows
 19504 | Lair:1   | Reached skill level 8 in Crossbows
 19504 | Lair:1   | Reached skill level 8 in Armour
 19504 | Lair:1   | Reached skill level 8 in Dodging
 19504 | Lair:1   | Reached skill level 8 in Stealth
 19504 | Lair:1   | Reached skill level 8 in Shields
 19504 | Lair:1   | Reached skill level 8 in Unarmed Combat
 19504 | Lair:1   | Reached skill level 8 in Evocations
 20158 | Lair:1   | Reached ****** piety under Cheibriados
 20295 | Lair:2   | Reached skill level 9 in Invocations
 20321 | Lair:1   | Learned a level 5 spell: Freezing Cloud
 20738 | Lair:2   | Reached skill level 8 in Necromancy
 20748 | Lair:2   | Reached skill level 7 in Hexes
 20748 | Lair:2   | Reached skill level 7 in Summonings
 20748 | Lair:2   | Reached skill level 7 in Translocations
 20748 | Lair:2   | Reached skill level 7 in Transmutations
 20748 | Lair:2   | Reached skill level 7 in Fire Magic
 20748 | Lair:2   | Reached skill level 7 in Ice Magic
 20748 | Lair:2   | Reached skill level 7 in Air Magic
 20748 | Lair:2   | Reached skill level 7 in Earth Magic
 20748 | Lair:2   | Reached skill level 7 in Poison Magic
 21042 | Lair:2   | Found a hole to the Spider Nest.
 21053 | Lair:2   | Reached skill level 9 in Spellcasting
 21701 | Lair:3   | Reached skill level 9 in Fighting
 21701 | Lair:3   | Reached skill level 9 in Throwing
 22055 | Lair:3   | Found a runed translucent door.
 22057 | Lair:3   | Noticed 1player's ghost (journeyman DECj)
 22182 | Lair:3   | Noticed Prince Ribbit
 22224 | Lair:3   | Killed Prince Ribbit
 22501 | Lair:3   | Reached XP level 14. HP: 106/108 MP: 3/27
 23010 | Lair:3   | HP: 10/108 [poisoned by 1player's ghost (toxic radiance)]
 23028 | Lair:3   | Killed 1player's ghost
 23158 | Lair:3   | Identified the +0 pair of boots "Bameg" {rPois rCorr MP-9
                  | Slay+6}
 23670 | Lair:4   | Reached skill level 9 in Short Blades
 23670 | Lair:4   | Reached skill level 9 in Long Blades
 23670 | Lair:4   | Reached skill level 9 in Axes
 23670 | Lair:4   | Reached skill level 9 in Maces & Flails
 23670 | Lair:4   | Reached skill level 9 in Polearms
 23670 | Lair:4   | Reached skill level 9 in Staves
 23670 | Lair:4   | Reached skill level 9 in Slings
 23670 | Lair:4   | Reached skill level 9 in Bows
 23670 | Lair:4   | Reached skill level 9 in Crossbows
 23670 | Lair:4   | Reached skill level 9 in Armour
 23670 | Lair:4   | Reached skill level 9 in Dodging
 23670 | Lair:4   | Reached skill level 9 in Stealth
 23670 | Lair:4   | Reached skill level 9 in Shields
 23670 | Lair:4   | Reached skill level 9 in Unarmed Combat
 23670 | Lair:4   | Reached skill level 9 in Evocations
 24062 | Lair:4   | Noticed Snorg
 24068 | Lair:4   | Killed Snorg
 24420 | Lair:4   | Reached skill level 10 in Invocations
 24899 | Lair:4   | Found a staircase to the Shoals.
 25718 | Lair:5   | Identified +0 ice dragon scales
 26485 | Lair:5   | Found a staircase to the Slime Pits.
 26738 | Lair:6   | Entered Level 6 of the Lair of Beasts
 26738 | Lair:6   | Noticed an azure jelly
 26738 | Lair:6   | Noticed ThereIsNoGod's ghost (journeyman DsAK)
 26738 | Lair:6   | Noticed an azure jelly
 26738 | Lair:6   | Noticed an azure jelly
 26738 | Lair:6   | Noticed a rockslime
 26738 | Lair:6   | Found a runed translucent gate.
 26738 | Lair:6   | Found a runed translucent gate.
 26738 | Lair:6   | Found a runed translucent gate.
 26739 | Lair:6   | Noticed a rockslime
 26740 | Lair:6   | Noticed an azure jelly
 26740 | Lair:6   | Noticed an azure jelly
 26740 | Lair:6   | Noticed an azure jelly
 26740 | Lair:6   | Noticed an azure jelly
 26741 | Lair:6   | Noticed an azure jelly
 26865 | Lair:6   | Identified +0 steam dragon scales
 26998 | Lair:6   | Found a viscous altar of Jiyva.
 27006 | Lair:6   | Identified the +1 buckler of Bann {Str+4}
 27152 | Lair:6   | Reached skill level 10 in Spellcasting
 27234 | Lair:6   | Reached skill level 8 in Hexes
 27234 | Lair:6   | Reached skill level 8 in Summonings
 27234 | Lair:6   | Reached skill level 8 in Translocations
 27234 | Lair:6   | Reached skill level 8 in Transmutations
 27234 | Lair:6   | Reached skill level 8 in Fire Magic
 27234 | Lair:6   | Reached skill level 8 in Ice Magic
 27234 | Lair:6   | Reached skill level 8 in Air Magic
 27234 | Lair:6   | Reached skill level 8 in Earth Magic
 27234 | Lair:6   | Reached skill level 8 in Poison Magic
 27367 | Lair:6   | Reached skill level 10 in Fighting
 27367 | Lair:6   | Reached skill level 10 in Throwing
 27367 | Lair:6   | Reached skill level 9 in Necromancy
 28092 | Lair:6   | Reached XP level 15. HP: 115/115 MP: 8/29
 28691 | Lair:6   | Found a large runed translucent door.
 28692 | Lair:6   | Found a large runed translucent door.
 28726 | Lair:6   | Reached skill level 12 in Conjurations
 29364 | Orc:1    | Entered Level 1 of the Orcish Mines
 29395 | Orc:1    | Noticed Fannar
 29404 | Orc:1    | Killed Fannar
 29517 | Orc:1    | Noticed Ciluocom's ghost (journeyman DrCA)
 29517 | Orc:1    | Identified the +10 dire flail of Abomination {vorpal, rF-
                  | Will+ Stlth+}
 29518 | Orc:1    | Found a transporter.
 29560 | Orc:1    | Found Juepoonis's Jewellery Shoppe.
 29588 | Orc:1    | Found a transporter.
 29689 | Orc:1    | Reached skill level 10 in Short Blades
 29689 | Orc:1    | Reached skill level 10 in Long Blades
 29689 | Orc:1    | Reached skill level 10 in Axes
 29689 | Orc:1    | Reached skill level 10 in Maces & Flails
 29689 | Orc:1    | Reached skill level 10 in Polearms
 29689 | Orc:1    | Reached skill level 10 in Staves
 29689 | Orc:1    | Reached skill level 10 in Slings
 29689 | Orc:1    | Reached skill level 10 in Bows
 29689 | Orc:1    | Reached skill level 10 in Crossbows
 29689 | Orc:1    | Reached skill level 10 in Armour
 29689 | Orc:1    | Reached skill level 10 in Dodging
 29689 | Orc:1    | Reached skill level 10 in Stealth
 29689 | Orc:1    | Reached skill level 10 in Shields
 29689 | Orc:1    | Reached skill level 10 in Unarmed Combat
 29689 | Orc:1    | Reached skill level 10 in Evocations
 29710 | Orc:1    | Killed Ciluocom's ghost
 29884 | Orc:2    | Entered Level 2 of the Orcish Mines
 29895 | Orc:2    | Noticed Nessos
 29912 | Orc:2    | Killed Nessos
 29913 | Orc:2    | Reached skill level 11 in Invocations
 29973 | Orc:2    | Noticed Rupert
 30179 | Orc:1    | Noticed Urug
 30188 | Orc:1    | Killed Urug
 30346 | Orc:1    | Killed Rupert
 30693 | Orc:2    | Found a staircase to the Elven Halls.
 31276 | Orc:2    | Identified a +2 robe of the Archmagi
 31291 | Orc:2    | Found Ymistropt's Antique Armour Shop.
 31291 | Orc:2    | Found Bouma's Antique Weapon Shoppe.
 31359 | Orc:2    | Found Zaomivu's Book Shop.
 31359 | Orc:2    | Found Inkig's General Store.
 31413 | Orc:2    | Found a transporter.
 31416 | Orc:2    | Noticed wazuzu's ghost (journeyman GnCA)
 31432 | Orc:2    | Found a bloodstained altar of Trog.
 31453 | Orc:2    | Found a transporter.
 32113 | D:14     | Identified the +2 scale mail of Beauty {rC+ Regen+ Str-3}
 32791 | D:14     | Reached XP level 16. HP: 124/124 MP: 21/30
 32814 | D:14     | Found a gate to the Vaults.
 32863 | D:15     | Entered Level 15 of the Dungeon
 32872 | D:15     | Reached skill level 11 in Spellcasting
 33116 | D:15     | Found a frozen archway.
 33145 | D:15     | Reached skill level 11 in Fighting
 33145 | D:15     | Reached skill level 11 in Throwing
 33161 | IceCv    | Entered an ice cave
 33169 | IceCv    | Reached skill level 9 in Hexes
 33169 | IceCv    | Reached skill level 9 in Summonings
 33169 | IceCv    | Reached skill level 9 in Translocations
 33169 | IceCv    | Reached skill level 9 in Transmutations
 33169 | IceCv    | Reached skill level 9 in Fire Magic
 33169 | IceCv    | Reached skill level 9 in Ice Magic
 33169 | IceCv    | Reached skill level 9 in Air Magic
 33169 | IceCv    | Reached skill level 9 in Earth Magic
 33169 | IceCv    | Reached skill level 9 in Poison Magic
 33197 | IceCv    | HP: 4/125 [entropy weaver simulacrum (15)]
 33201 | IceCv    | Slain by a minotaur simulacrum

Vanquished Creatures
  Rupert (Orc:1)
  Nessos (Orc:2)
  Snorg (Lair:4)
  A fire dragon (Lair:6)
  A vault guard (D:14)
  10 hydras
  The ghost of Ciluocom the Cleaver, a journeyman DrCA of Ignis (Orc:1)
  An ice dragon (Lair:5)
  Fannar (Orc:1)
  The ghost of 1player the Thaumaturge, a journeyman DECj of Vehumet (Lair:3)
  7 boulder beetles
  8 centaur warriors
  7 death yaks
  7 two-headed ogres
  An orc high priest (Orc:2)
  Urug (Orc:1)
  A skeletal warrior (D:13)
  2 fire crabs (Lair:6)
  An orb spider (Lair:2)
  A necromancer (D:14)
  A lindwurm (Lair:3)
  Pikel (D:6)
  2 wolf spider zombies (D:14)
  An orc knight (Orc:2)
  2 deep elf pyromancers (D:14)
  An oklob plant (Lair:5)
  2 ugly things (D:13)
  8 orc sorcerers (Orc:2)
  6 cyclopes
  2 manticores
  A black mamba (shapeshifter) (D:13)
  A moth of wrath (shapeshifter) (D:12)
  2 ice statues (D:15)
  14 black mambas
  3 torpor snails
  3 molten gargoyles
  A water nymph (shapeshifter) (D:11)
  Maggie (Lair:1)
  12 cane toads
  A kobold demonologist (D:9)
  A rime drake (Lair:4)
  2 entropy weaver simulacra (IceCv)
  2 freezing wraiths (IceCv)
  An ice devil (IceCv)
  14 komodo dragons
  2 anaconda simulacra (IceCv)
  4 polar bears
  A hornet (D:9)
  4 trolls
  Prince Ribbit (Lair:3)
  A wind drake (shapeshifter) (D:14)
  14 slime creatures
  A snapping turtle (Lair:4)
  17 blink frogs
  2 dream sheep (Lair:2)
  2 vampires (D:11)
  5 wyverns
  A dire elephant simulacrum (IceCv)
  A centaur simulacrum (D:15)
  A spriggan (Lair:4)
  Eustachio (D:4)
  10 humans (D:14)
  9 basilisks
  6 vampire mosquitoes
  45 yaks
  2 steam dragons (Lair:6)
  A harpy simulacrum (IceCv)
  11 wargs
  A two-headed ogre zombie (D:12)
  3 hell hounds (Lair:6)
  11 water moccasins
  2 acid dragons
  Duvessa (D:6)
  2 black bears
  2 sky beasts
  10 orc warriors
  2 ice beasts
  A black bear (shapeshifter) (D:13)
  2 necrophages (D:6)
  10 ogres
  23 centaurs
  A lemure (D:6)
  15 wolves
  2 phantoms (D:12)
  9 bullfrogs
  2 kobold brigands
  A wyvern zombie (D:8)
  2 scorpions
  3 gnoll sergeants
  2 troll zombies (D:12)
  Dowan (D:6)
  17 killer bees
  A water moccasin skeleton (D:5)
  A lindwurm simulacrum (IceCv)
  8 wights
  5 electric eels
  7 centaur zombies
  7 lava snakes
  A hound (D:4)
  3 jellies (Lair:5)
  12 orc priests
  A centaur skeleton (D:6)
  2 gnoll shamans
  3 iguanas
  2 bullfrog skeletons (D:5)
  41 orc wizards
  6 hell rats (Lair:2)
  A killer bee zombie (D:6)
  5 ogre zombies (D:12)
  A hound skeleton (D:4)
  21 gnolls
  4 adders
  2 shadow imps
  9 white imps
  An ufetubus (D:15)
  An adder skeleton (D:4)
  4 dart slugs
  79 orcs
  24 endoplasms
  2 giant cockroaches
  12 goblins
  9 hobgoblins
  9 jackals
  4 quokkas
  6 ball pythons
  2 bats (D:2)
  2 frilled lizards (D:2)
  A goblin skeleton (D:12)
  A goblin zombie (D:12)
  3 hobgoblin zombies (D:12)
  10 kobolds
  3 orc skeletons (D:12)
  17 orc zombies (D:12)
  4 rats
744 creatures vanquished.

Vanquished Creatures (others)
  A vault guard (D:14)
  2 orc wizards (Orc:2)
  28 fungi
  24 plants
55 creatures vanquished.

Grand Total: 799 creatures vanquished
